 Seeded DCSS version 0.30-a0-743-gbfdf073431 (webtiles) character file.

Game seed: 5430720872467839093 (custom seed)

1208 hbarley the Cleaver (level 8, -1/71 HPs)
             Began as a Minotaur Fighter on Feb 6, 2023.
             Was an Elder of Uskayaw.
             Slain by a scorpion (5 damage)
             ... on level 5 of the Dungeon.
             The game lasted 00:07:32 (3366 turns).

hbarley the Cleaver (Minotaur Fighter)              Turns: 3366, Time: 00:07:32

Health: -1/71      AC:  7    Str: 27    XL:     8   Next: 21%
Magic:  7/7        EV: 11    Int:  8    God:    Uskayaw [****..]
Gold:   1064       SH:  5    Dex: 18    Spells: 7/7 levels left

rFire   . . .      SeeInvis .    u - +1 war axe (flame)
rCold   . . .      Faith    .    c - +0 buckler
rNeg    . . .      Spirit   .    b - +0 scale mail
rPois   .          Reflect  .    (helmet restricted)
rElec   .          Harm     .    (no cloak)
rCorr   .          Rampage  .    (no gloves)
Will    .....                    (no boots)
Stlth   +                        (no amulet)
HPRegen 0.31/turn                m - +6 ring of strength
MPRegen 0.10/turn                t - ring of Bitoith {Int+3 Dex+6}

@: studying 2 skills
A: horns 2, retaliatory headbutt
a: Renounce Religion, Stomp, Line Pass


You were on level 5 of the Dungeon.
You worshipped Uskayaw.
Uskayaw was noncommittal.
You visited 2 branches of the dungeon, and saw 6 of its levels.

You collected 1120 gold pieces.
You spent 56 gold pieces at shops.

Inventory:

Hand Weapons
 a - a +0 war axe
 u - a +1 war axe of flaming (weapon)
Missiles
 y - a throwing net (quivered)
 A - 5 poisoned darts
Armour
 b - a +0 scale mail (worn)
 c - a +0 buckler (worn)
Jewellery
 m - a +6 ring of strength (left hand)
 s - a ring of protection from cold
 t - the ring of Bitoith (right hand) {Int+3 Dex+6}
   (You acquired it on level 3 of the Dungeon)

   [ring of dexterity]

   Int:       It affects your intelligence (+3).
   Dex:       It affects your dexterity (+6).
 G - a ring of positive energy
Wands
 o - a wand of mindburst (11)
 D - a wand of roots (5)
Scrolls
 f - a scroll of torment {unknown}
 g - 3 scrolls of amnesia {unknown}
 h - 5 scrolls of identify
 i - 2 scrolls of noise {unknown}
 l - 2 scrolls of teleportation {unknown}
 n - a scroll of brand weapon {unknown}
 p - 2 scrolls of enchant armour {unknown}
 q - a scroll of fog {unknown}
 r - a scroll of immolation {unknown}
 z - a scroll of poison {unknown}
 C - a scroll of silence {unknown}
 E - a scroll of blinking {unknown}
 F - a scroll of butterflies {unknown}
Potions
 d - a potion of might
 e - a potion of mutation {unknown}
 j - 2 potions of attraction {unknown}
 k - 3 potions of curing {unknown}
 v - 2 potions of lignification {unknown}
 w - a potion of ambrosia {unknown}
 x - a potion of degeneration {unknown}
 B - 2 potions of berserk rage {unknown}


   Skills:
 + Level 6.5 Fighting
 + Level 8.5 Axes
 + Level 6.7 Armour
 + Level 2.9 Dodging
 + Level 1.2 Stealth
 + Level 4.4 Shields
 + Level 0.3 Evocations


You had 7 spell levels left.
You didn't know any spells.
Your spell library was empty.

Dungeon Overview and Level Annotations

Branches:
Dungeon (5/15)             Temple (1/1) D:4

Altars:
Cheibriados
Dithmenos
Hepliaklqana
Nemelex Xobeh
Okawaru
Uskayaw
Vehumet
Xom
Yredelemnul
Zin
The Shining One

Shops:
D:2 ?

Annotations:
D:4 1 runed translucent door, RandomusNamus's ghost, amateur MiBr


Innate Abilities, Weirdness & Mutations

You have a pair of horns on your head.
You reflexively headbutt those who attack you in melee.


Message History

The two-headed ogre is almost dead.
Uskayaw will force your foes to helplessly watch your dance.
Uskayaw prepares the audience for your solo!
The helpless two-headed ogre fails to defend itself.
You hit the two-headed ogre. You burn the two-headed ogre.
The two-headed ogre is almost dead.
The scorpion is no longer paralysed.
The hound is no longer paralysed.
The two-headed ogre is no longer paralysed.
The two-headed ogre hits you with a +0 giant spiked club!
The two-headed ogre hits you with a +0 giant club!!
* * * LOW HITPOINT WARNING * * *
You hit the two-headed ogre. You burn the two-headed ogre.
You kill the two-headed ogre!
The hound bites you.
* * * LOW HITPOINT WARNING * * *
Your Fighting skill increases to level 6!
Your Axes skill gained 2 levels and is now at level 8!
Your Dodging skill increases to level 2!
Your Stealth skill increases to level 1!
You have reached level 8!
You feel stronger.
You barely miss the hound. You headbutt the hound!
The hound is severely wounded.
The hound misses you. The hound bites you but does no damage.
Uskayaw will force your foes to share their pain.
Uskayaw links your audience in an emotional bond!
You barely miss the hound.
The hound is severely wounded.
The hound barely misses you.
You barely miss the hound. Your headbutt misses the hound.
The hound is severely wounded.
The scorpion is no longer sharing its pain.
The hound is no longer sharing its pain.
The ufetubus is no longer sharing its pain.
You block the hound's attack. The hound bites you but does no damage.
You slash the hound! You burn the hound.
You kill the hound!
The scorpion stings you but does no damage.
You closely miss the scorpion. The scorpion stings you.
You die...

####
##..##
....#
#...#
#...#
######...#
.......@<#
#######s##
..5.
###...
#....
......
..#.<..
..#.....


You could see a scorpion and an ufetubus.

Vanquished Creatures
  A two-headed ogre (D:5)
  Blork the orc (D:4)
  A scorpion (D:4)
  A necrophage (D:2)
  2 orc priests
  A hound (D:5)
  An iguana (D:4)
  3 orc wizards
  9 gnolls
  4 adders
  A white imp (D:4)
  3 worms (D:4)
  A dart slug (D:4)
  5 orcs
  3 bats
  8 endoplasms
  3 giant cockroaches
  7 hobgoblins
  7 jackals
  6 kobolds
  5 quokkas
  8 ball pythons
  2 frilled lizards
  4 goblins
  3 rats
90 creatures vanquished.

Vanquished Creatures (others)
  An orc wizard (D:4)
1 creature vanquished.

Grand Total: 91 creatures vanquished

Notes
Turn   | Place    | Note
-------+----------+-------------------------------------------
     0 | D:1      | hbarley the Minotaur Fighter began the quest for the Orb.
     0 | D:1      | Reached XP level 1. HP: 19/19 MP: 0/0
   121 | D:1      | Reached XP level 2. HP: 27/27 MP: 1/1
  1014 | D:2      | Reached XP level 3. HP: 33/33 MP: 2/2
  1071 | D:2      | Reached skill level 3 in Axes
  1076 | D:2      | Reached skill level 5 in Armour
  1076 | D:2      | Reached XP level 4. HP: 26/40 MP: 3/3
  1295 | D:2      | Noticed a necrophage
  1300 | D:2      | Killed a necrophage
  1449 | D:2      | Found Doddoiw's Magic Scroll Shoppe.
  1457 | D:2      | Bought a scroll of identify for 28 gold pieces
  1457 | D:2      | Bought a scroll of identify for 28 gold pieces
  1620 | D:3      | Reached skill level 4 in Axes
  1620 | D:3      | Reached XP level 5. HP: 12/47 MP: 4/4
  1755 | D:3      | Identified 4 scrolls of acquirement
  1755 | D:3      | Acquired 956 gold pieces
  1757 | D:3      | Acquired the ring of Bitoith {Int+3 Dex+6}
  1760 | D:3      | Acquired a +1 war axe of flaming
  1763 | D:3      | Acquired a manual of Dodging
  1770 | D:3      | Identified the +3 short sword of the Manifold Quests
                  | {flame, rElec Int+5}
  1880 | D:3      | Reached skill level 5 in Axes
  1880 | D:3      | Reached XP level 6. HP: 50/53 MP: 5/5
  2008 | D:3      | Found a faded altar of an unknown god.
  2223 | D:3      | Found an iron altar of Okawaru.
  2279 | D:3      | Identified the +2 robe of Binutifa {rPois Dex+5}
  2540 | D:4      | Reached skill level 1 in Dodging
  2637 | D:4      | Reached skill level 6 in Axes
  2711 | D:4      | Found a runed translucent door.
  2712 | D:4      | Found a staircase to the Ecumenical Temple.
  2721 | Temple   | Entered the Ecumenical Temple
  2785 | Temple   | Became a worshipper of Uskayaw the Reveller
  2834 | D:4      | Noticed RandomusNamus's ghost (amateur MiBr)
  2933 | D:4      | Reached * piety under Uskayaw
  3074 | D:4      | Noticed Blork the orc
  3080 | D:4      | Reached ** piety under Uskayaw
  3082 | D:4      | Killed Blork the orc
  3083 | D:4      | Reached skill level 5 in Fighting
  3083 | D:4      | Reached XP level 7. HP: 49/61 MP: 6/6
  3086 | D:4      | Reached *** piety under Uskayaw
  3353 | D:5      | Entered Level 5 of the Dungeon
  3354 | D:5      | Noticed a two-headed ogre
  3361 | D:5      | Killed a two-headed ogre
  3361 | D:5      | HP: 2/61 [hound (5)]
  3362 | D:5      | Reached skill level 8 in Axes
  3362 | D:5      | Reached skill level 1 in Stealth
  3362 | D:5      | Reached XP level 8. HP: 2/71 MP: 7/7
  3362 | D:5      | Reached **** piety under Uskayaw
  3366 | D:5      | Slain by a scorpion

Illustrated notes

Levels and vault maps discovered:
D:1:      dpeg_arrival_boxes_within_box, layout_basic
D:2:      layout_loops_ring, serial_shops, shop, nicolae_kite_square_tiling_tiny
D:3:      layout_rooms, okawaru_metal_pillars_3, ebering_ecumenical_altar_rust
D:4:      layout_basic, minmay_temple_entry_overgrown, ebering_ghost_sewer_d,
          minmay_manual_monstrance, uniq_blork_the_orc
D:5:      layout_basic, uniq_duvessa
Temple:   oiseaux_autumnal_temple

Skill      XL: |  1  2  3  4  5  6  7 |
---------------+----------------------+-----
Armour         | 4 5 6 |  6.7
Fighting       | 4 5 6 |  6.5
Axes           | 3 4 5 6 8 |  8.5
Shields        | 4 |  4.4
Dodging        | 1 2 |  2.9
Stealth        | 1 |  1.2
Evocations     | |  0.3

Action                     |  1- 3 |  4- 6 |  7- 9 || total
---------------------------+-------+-------+-------++-------
  Melee: War axe           |    57 |    80 |    22 ||   159
         Headbutt          |     3 |     9 |     4 ||    16
  Evoke: Wand              |       |       |     2 ||     2
    Use: Scroll            |       |     4 |       ||     4
   Stab: Paralysed         |       |       |     2 ||     2
 Armour: Scale mail        |    40 |    30 |     8 ||    78
  Dodge: Dodged            |    32 |    47 |     7 ||    86
  Block: Buckler           |     8 |    11 |     4 ||    23

Table legend: (Time is in decaauts)
 A = Elapsed time spent in this place.
 B = Non-inter-level travel time spent in this place.
 C = Inter-level travel time spent in this place.
 D = Time resting spent in this place.
 E = Time spent auto-exploring this place.
 F = Levels seen in this place.
 G = Mean time per level.
                   A        B        C        D        E       F      G
               +--------+--------+--------+--------+--------+-----+--------+
         Total |   3414 |   3084 |    330 |    131 |   2428 |   6 |  569.0 |
       Dungeon |   3319 |   3053 |    266 |    131 |   2405 |   5 |  663.8 |
        Temple |     94 |     30 |     64 |      0 |     23 |   1 |   94.0 |
               +--------+--------+--------+--------+--------+-----+--------+

Top non-repeatable levels by time:
     D:1: 957 daAuts
     D:4: 946 daAuts
     D:3: 725 daAuts
     D:2: 675 daAuts
  Temple: 94 daAuts
     D:5: 14 daAuts
